 Dungeon Crawl Stone Soup version 0.17-a0-528-gc205fd0 (webtiles) character file.

74 Herrn the Skirmisher (level 4, 37/39 HPs)
             Began as a Centaur Fighter on Apr 12, 2015.
             Quit the game on level 2 of the Dungeon.
             The game lasted 00:04:40 (1401 turns).

Herrn the Skirmisher (Centaur Fighter)              Turns: 1401, Time: 00:04:41

Health: 37/39      AC:  9    Str: 19    XL:     4   Next: 10%
Magic:  4/4        EV:  5    Int:  7    God:
Gold:   36         SH:  8    Dex:  9    Spells: 0 memorised, 3 levels left

rFire  . . .     SeeInvis .     a - +0 war axe
rCold  . . .     Clarity  .     o - +0 scale mail (curse)
rNeg   . . .     SustAb   .     c - +0 shield
rPois  .         Gourm    .     m - +2 helmet
rElec  .         Spirit   .     (no cloak)
rCorr  .         Warding  .     (no gloves)
rMut   .         Stasis   .     (no barding)
MR     .....                    (no amulet)
Stlth  ..........               (no ring)
                                (no ring)

@: very quick, not resistant to hostile enchantments, extremely unstealthy
A: hooves 3, deformed body, speed 2, tough skin 3
a: no special abilities


You were on level 2 of the Dungeon.
You were not hungry.

You visited 1 branch of the dungeon, and saw 4 of its levels.

You collected 36 gold pieces.

Inventory:

Hand weapons
 a - a +0 war axe (weapon)
Armour
 c - a +0 shield (worn)
 m - a +2 helmet (worn)
 n - a +0 chain mail
 o - a cursed +0 scale mail (worn)
Scrolls
 b - a scroll of enchant armour {unknown}
 f - 2 scrolls of magic mapping {unknown}
 g - a scroll of teleportation {unknown}
 h - a scroll of fear {unknown}
 j - 3 scrolls of identify {unknown}
Potions
 e - a potion of might
 i - a potion of haste {unknown}
 l - a potion of lignification {unknown}
Comestibles
 d - 2 bread rations
 k - 3 fruits


   Skills:
 + Level 3.6 Fighting
 * Level 2.4 Axes
 + Level 2.5 Armour
 * Level 0.9 Dodging
 + Level 2.4 Shields


You had 3 spell levels left.
You didn't know any spells.

Dungeon Overview and Level Annotations

Branches:
Dungeon (4/15)
 Temple: D:4-7

Altars:

Annotations:
D:4 namelastname112's ghost, average DrAK


Innate Abilities, Weirdness & Mutations

You have hooves in place of feet.
Armour fits poorly on your strangely shaped body.
You cover ground very quickly.
You have extremely tough skin (AC +3).


Message History

HP restored.
j - 3 scrolls labeled RAUCON VUGUPNY (gained 1)
There is a stone staircase leading down here.
A giant gecko comes into view.
You block the giant gecko's attack.
You miss the giant gecko. Your kick misses the giant gecko.
The giant gecko bites you but does no damage.
The giant gecko closely misses you.
You barely miss the giant gecko.
The giant gecko bites you but does no damage.
You hit the giant gecko.
The giant gecko is heavily wounded.
You block the giant gecko's attack. The giant gecko bites you.
You closely miss the giant gecko.
The giant gecko is heavily wounded.
The giant gecko bites you but does no damage. x2
You hit the giant gecko.
You kill the giant gecko!
You see here a giant gecko corpse.
Are you sure you want to abandon this character and quit the game? (Confirm with "yes".)

####.###### ..(.......#
####.####.# # #.####.# ##
#.##...### .###[†.>.....
# ....###.#.### .# .##.#
#.#.########..#.### .##.#
#.#......†@........
..#.###>............#.###
........#...........#
.)#...................#
..........#############
#######.### # #.# # #.# #
#.#


There were no monsters in sight!

Vanquished Creatures
  A killer bee zombie (D:3)
  An adder (D:3)
  2 worms
  2 giant geckos
  An orc (D:4)
  A giant cockroach (D:1)
  5 goblins
  4 hobgoblins (D:1)
  7 kobolds
  A ball python (D:3)
  3 bats
  A giant newt (D:1)
  2 rats (D:3)
31 creatures vanquished.

Notes
Turn   | Place    | Note
--------------------------------------------------------------
     0 | D:1      | Herrn, the Centaur Fighter, began the quest for the Orb.
     0 | D:1      | Reached XP level 1. HP: 19/19 MP: 1/1
   199 | D:1      | Reached XP level 2. HP: 12/26 MP: 2/2
  1093 | D:2      | Reached XP level 3. HP: 19/31 MP: 3/3
  1221 | D:2      | You fall through a shaft for 2 floors!
  1276 | D:4      | Noticed namelastname112's ghost (average DrAK)
  1312 | D:3      | Reached XP level 4. HP: 33/39 MP: 4/4
  1401 | D:2      | Quit the game

Action                   |  1- 3 |  4- 6 || total
-------------------------+-------+-------++-------
Melee: War axe           |    91 |    11 ||   102
  Eat: Chunk             |       |     1 ||     1
